cohdb
Replays
Latest Replays
All Replays
Popular Replays
Top Player Replays
Match Explorer
How It Works
Community
CoH3 Stats
Reddit
Sign in to upload your games and track your stats! →
Sign in with Steam
Match 24323582
Unlisted
Match 24323582
Overview
Messages
Build Orders
End
Construct Infanterie Kompanie
MG 42 Machine Gun Team
MG 42 Machine Gun Team
Selects Italian Coastal Battlegroup
Selects Coastal Reserves
Grenadier Squad
Construct Panzergrenadier Kompanie
Selects Support Bunkers
Panzergrenadier Squad
Medical Bunker
Pak 40 Anti-tank Gun Team
Support Elements
Nebelwerfer 42 Rocket Launcher Team
Selects Designated Artillery Overwatch
Construct Panzer Kompanie
Selects Artillery Officer
Pak 40 Anti-tank Gun Team
Nebelwerfer 42 Rocket Launcher Team
Panzer IV Medium Tank
Selects Obice da 210/22 Artillery Emplacement
iceman
insane
Conan the Bavarian
timmaximilian
0
0
Comments
sign in to comment!
No comments posted yet!